 Dungeon Crawl Stone Soup version 0.30-a0-219-gf2db51d15e (webtiles) character file.

Game seed: 9304562593454526136

11 KarmaKiller the Trooper (level 2, -2/20 HPs)
             Began as a Gargoyle Berserker on Oct 7, 2022.
             Was a Follower of Trog.
             Slain by a hobgoblin (4 damage)
             ... on level 1 of the Dungeon.
             The game lasted 00:03:25 (322 turns).

KarmaKiller the Trooper (Gargoyle Berserker)         Turns: 322, Time: 00:03:25

Health: -2/20      AC:  5    Str: 20    XL:     2   Next: 29%
Magic:  2/2        EV: 11    Int:  7    God:    Trog [*.....]
Gold:   2          SH:  0    Dex:  9    Spells: 1/1 levels left

rFire   . . .      SeeInvis .    f - +0 club
rCold   . . .      Faith    .    (no shield)
rNeg    + . .      Spirit   .    a - +0 animal skin
rPois   ∞          Reflect  .    (no helmet)
rElec   +          Harm     .    (no cloak)
rCorr   .          Rampage  .    (no gloves)
Will    .....                    (no boots)
Stlth   +.........               (no amulet)
HPRegen 0.23/turn                (no ring)
MPRegen 0.08/turn                (no ring)

@: no status effects
A: sickness immunity, AC +2, negative energy resistance 1, electricity
resistance, torment resistance 1, petrification resistance
a: Renounce Religion, Berserk


You were on level 1 of the Dungeon.
You worshipped Trog.
Trog was aware of your devotion.
You visited 1 branch of the dungeon, and saw 1 of its levels.

You collected 2 gold pieces.

Inventory:

Hand Weapons
 c - a +0 whip
 d - a +0 rapier
 f - a +0 club (weapon)
Missiles
 b - 5 stones (quivered)
Armour
 a - a +0 animal skin (worn)


   Skills:
 + Level 3.6 Fighting
 + Level 2.4 Armour
 + Level 1.6 Dodging
 + Level 3.1 Unarmed Combat


You had one spell level left.
You didn't know any spells.
Your spell library was empty.

Dungeon Overview and Level Annotations

Branches:
Dungeon (1/15)

Altars:


Innate Abilities, Weirdness & Mutations

You are immune to sickness and miasma.
Your stone body is resilient. (AC +2)
You are immune to poison.
You resist negative energy. (rN+)
You are resistant to electric shocks. (rElec)
You are resistant to unholy torment.
You are immune to petrification.


Message History

You hit the endoplasm.
The endoplasm is moderately wounded.
A hobgoblin comes into view.
The endoplasm hits you. The kobold hits you but does no damage.
You barely miss the endoplasm.
The endoplasm is moderately wounded.
The hobgoblin shouts!
The endoplasm closely misses you. The kobold closely misses you.
The goblin hits you but does no damage. The goblin hits you with a +0 dagger.
The endoplasm hits you.
The kobold hits you with a +0 short sword.
* * * LOW HITPOINT WARNING * * *
It was a potion of heal wounds.
You feel much better. The endoplasm freezes you.
You are frozen.
The kobold hits you with a +0 short sword.
The goblin barely misses you.
You hit the endoplasm.
The endoplasm is heavily wounded.
The endoplasm hits you but does no damage.
The kobold closely misses you. The goblin closely misses you.
You hit the endoplasm.
You kill the endoplasm!
Trog accepts your kill. The goblin closely misses you.
The kobold hits you but does no damage.
You closely miss the goblin. The goblin completely misses you.
The kobold hits you with a +0 short sword.
The goblin hits you with a +0 club.
You barely miss the goblin. The hobgoblin hits you.
The goblin hits you with a +0 dagger. The kobold barely misses you.
The goblin misses you. The hobgoblin hits you.
* * * LOW HITPOINT WARNING * * *
The goblin barely misses you. x2
The kobold hits you with a +0 short sword.
* * * LOW HITPOINT WARNING * * *
You hit the goblin.
You kill the goblin!
Trog accepts your kill. The hobgoblin hits you.
You die...

#..........
#...........
#...........
#...........
#!..........
#.........#
#.g)K)....#
#..@†!....#
#...g###..#
#...#...#.#
#..#8.⌠..#
######..⌠.#
#.#8#∩#...#
#...#_#8#.#
######
#.⌠..######
#.....##..⌠.8##
##...#


You could see a hobgoblin, a goblin and a kobold.

Vanquished Creatures
  3 endoplasms (D:1)
  2 goblins (D:1)
  A hobgoblin (D:1)
  A ball python (D:1)
  A bat (D:1)
  A frilled lizard (D:1)
  2 kobolds (D:1)
  A rat (D:1)
12 creatures vanquished.

Notes
Turn   | Place    | Note
-------+----------+-------------------------------------------
     0 | D:1      | KarmaKiller the Gargoyle Berserker began the quest for the
                  | Orb.
     0 | D:1      | Reached XP level 1. HP: 14/14 MP: 1/1
   227 | D:1      | Reached XP level 2. HP: 19/19 MP: 2/2
   295 | D:1      | Found a faded altar of an unknown god.
   322 | D:1      | Slain by a hobgoblin

Illustrated notes

Levels and vault maps discovered:
D:1:      amcnicky_arrival_underground_garden, layout_basic,
          shapermc_ecumenical_altar_venn, st_stairs_3

Action                   || total
-------------------------++-------
Melee: Whip              ||    21
       Club              ||    20
Throw: Stone             ||     4
  Use: Potion            ||     1
Armor: Animal skin       ||    13
Dodge: Dodged            ||    32

Table legend: (Time is in decaauts)
 A = Elapsed time spent in this place.
 B = Non-inter-level travel time spent in this place.
 C = Inter-level travel time spent in this place.
 D = Time resting spent in this place.
 E = Time spent auto-exploring this place.
 F = Levels seen in this place.
 G = Mean time per level.
                   A        B        C        D        E       F      G
               +--------+--------+--------+--------+--------+-----+--------+
         Total |    329 |    329 |      0 |     31 |      0 |   1 |  329.0 |
       Dungeon |    329 |    329 |      0 |     31 |      0 |   1 |  329.0 |
               +--------+--------+--------+--------+--------+-----+--------+

Top non-repeatable levels by time:
     D:1: 329 daAuts
